 Dungeon Crawl Stone Soup version 0.15.2 (webtiles) character file.

208 Huymann the Chucker (level 5, -11/36 HPs)
             Began as a High Elf Hunter on Feb 9, 2015.
             Was an Initiate of Ashenzari.
             Mangled by a crocodile (18 damage)
             ... on Level 4 of the Dungeon.
             The game lasted 00:15:59 (2816 turns).

Huymann the Chucker (High Elf Hunter)               Turns: 2816, Time: 00:15:59

HP -11/36        AC  5     Str 11      XL: 5   Next: 55%
MP  10/10        EV 12     Int 15      God: Ashenzari [......]
Gold 141         SH  0     Dex 16      Spells:  0 memorised,  7 levels left

rFire  + . .     SeeInvis .     a - +0 short sword
rCold  x . .     Clarity  .     d - +0 leather armour
rNeg   . . .     rCorr    .     (no shield)
rPois  .         rRot     .     (no helmet)
rElec  .         Spirit   .     e - +1 cloak
SustAb .         Warding  .     (no gloves)
rMut   +         Stasis   .     (no boots)
Gourm  .                        m - amulet of resist mutation
MR     .....                    (no ring)
                                o - ring of fire

@: not resistant to hostile enchantments, very unstealthy
A: no striking features
a: Renounce Religion


You were on level 4 of the Dungeon.
You worshipped Ashenzari.
Ashenzari was noncommittal.
You were not hungry.

You visited 1 branch of the dungeon, and saw 4 of its levels.
You also visited: Sewer.

You collected 141 gold pieces.

Inventory:

Hand weapons
 a - a +0 short sword (weapon)
Missiles
 h - 15 arrows
 i - 9 arrows of flame
 n - 45 stones (quivered)
Armour
 d - a +0 leather armour (worn)
 e - a +1 cloak (worn)
 w - a +0 robe
Comestibles
 b - a chunk of bat flesh
 f - 2 bread rations
 j - 2 meat rations
 r - 5 fruits
Scrolls
 l - 3 scrolls of remove curse
 p - a scroll of teleportation
 q - 2 scrolls of identify
 x - a scroll of recharging
Jewellery
 m - an amulet of resist mutation (around neck)
 o - a ring of fire (left hand)
Potions
 c - a potion of berserk rage {unknown}
 k - a potion of cancellation
 s - a potion of might {unknown}
 t - a potion of resistance
 u - a potion of brilliance {unknown}
 v - a potion of curing {unknown}


   Skills:
 * Level 3.0 Fighting
 * Level 2.1 Short Blades
 + Level 4.8 Throwing
 * Level 1.9 Armour
 * Level 3.5 Dodging
 * Level 2.3 Stealth
 * Level 1.6 Spellcasting


You had 7 spell levels left.
You didn't know any spells.

Dungeon Overview and Level Annotations

Branches:
Dungeon (4/15)
 Temple: D:4-7

Altars:
Ashenzari
Cheibriados
Qazlal
Xom
Yredelemnul
Zin
The Shining One

Annotations:
D:2 Sigmund


Message History

Throwing (i - inventory):
n - 46 stones (quivered)
Press: ? - help, Shift-Dir - straight line, f/p - crocodile
Aim: a crocodile You throw a stone.
The stone hits the crocodile but does no damage.
You see here a bubbling orange potion.
c - a bubbling orange potion The crocodile bites you.
There is a gate leading back out of here here.
The crocodile bites you!
Welcome back to the Dungeon!
There is a collapsed entrance here.
You enter the shallow water.
Moving in this stuff is going to be slow.
The crocodile barely misses you. The crocodile bites you!
* * * LOW HITPOINT WARNING * * *
The crocodile bites you!!
Ouch! That really hurt!
You die...

##.## #>##
#..# #.# #.##
#.# #.# #.#
##########.#
###
............#
######..####
##########.#
#≈.≈≈t@≈≈≈.#
############


You could see a crocodile.

Vanquished Creatures
  An ogre (D:3)
  An orc wizard (D:3)
  2 adders
  A giant mite (D:4)
  2 worms (D:3)
  7 orcs (D:3)
  7 bats
  7 goblins
  3 hobgoblins
  6 jackals
  5 kobolds
  A quokka (D:2)
  4 giant cockroaches
  2 giant newts
  A kobold skeleton (D:4)
  7 rats
57 creatures vanquished.

Notes
Turn   | Place    | Note
--------------------------------------------------------------
     0 | D:1      | Huymann, the High Elf Hunter, began the quest for the Orb.
     0 | D:1      | Reached XP level 1. HP: 14/14 MP: 2/2
   457 | D:1      | Reached XP level 2. HP: 17/19 MP: 3/3
  1151 | D:2      | Reached XP level 3. HP: 18/25 MP: 5/5
  1325 | D:2      | Noticed Sigmund
  1355 | D:3      | Noticed an ogre
  1362 | D:3      | Killed an ogre
  1362 | D:3      | Reached skill level 1 in Armour
  1362 | D:3      | Reached skill level 1 in Spellcasting
  1362 | D:3      | Reached XP level 4. HP: 28/30 MP: 7/9
  1529 | D:3      | Reached XP level 5. HP: 18/36 MP: 10/10
  1683 | D:3      | Found a glowing silver altar of Zin.
  1684 | D:3      | Found a stormy altar of Qazlal.
  1686 | D:3      | Found a glowing golden altar of the Shining One.
  1686 | D:3      | Found a shattered altar of Ashenzari.
  1688 | D:3      | Found a shimmering altar of Xom.
  1688 | D:3      | Found a snail-covered altar of Cheibriados.
  1688 | D:3      | Found a basalt altar of Yredelemnul.
  1709 | D:3      | Became a worshipper of Ashenzari the Shackled
  2493 | D:4      | Noticed a phantom
  2657 | D:4      | Found a glowing drain.
  2743 | Sewer    | Entered a sewer
  2816 | D:4      | Mangled by a crocodile

Action                   |  1- 3 |  4- 6 || total
-------------------------+-------+-------++-------
Melee: Short sword       |    71 |   133 ||   204
Throw: Stone             |    11 |    15 ||    26
       Javelin           |    11 |    20 ||    31
       Throwing net      |     1 |     3 ||     4
  Use: Scroll            |    10 |     3 ||    13
 Stab: Sleeping          |     1 |     1 ||     2
       Held in net/web   |       |     1 ||     1
  Eat: Chunk             |     1 |     5 ||     6
